 Dungeon Crawl Stone Soup version 0.27.1-35-g4d5d836560 (webtiles) character file.

Game seed: 4787100682553817695

6069 Delamore the Slicer (level 10, -3/66 HPs)
             Began as an Octopode Brigand on Mar 3, 2022.
             Was an Initiate of Gozag.
             Slain by a troll (14 damage)
             ... on level 9 of the Dungeon.
             The game lasted 00:12:16 (9121 turns).

Delamore the Slicer (Octopode Brigand)              Turns: 9121, Time: 00:12:17

Health: -3/66      AC:  1    Str: 10    XL:     10   Next: 87%
Magic:  10/10      EV: 19    Int: 13    God:    Gozag
Gold:   229        SH:  6    Dex: 18    Spells: 9/9 levels left

rFire    . . .     SeeInvis .   w - +5 short sword
rCold    . . .     Faith    .   u - +1 buckler
rNeg     . . .     Spirit   .   (helmet restricted)
rPois    .         Reflect  .   x - amulet of regeneration
rElec    .         Harm     .   m - +4 ring of evasion
rCorr    .         Rampage  .   (no ring)
Will     .....                  (no ring)
Stlth    ++++++....             (no ring)
HPRegen  1.21/turn              (no ring)
MPRegen  0.12/turn              (no ring)
                                (no ring)
                                (no ring)

@: no status effects
A: almost no armour, amphibious, 8 rings, camouflage 1, gelatinous body 1,
(nimble swimmer 1), tentacles
a: Renounce Religion, Potion Petition, Call Merchant, Bribe Branch


You were on level 9 of the Dungeon.
You worshipped Gozag.
Gozag was aware of your devotion.
You visited 2 branches of the dungeon, and saw 10 of its levels.

You collected 968 gold pieces.
You paid 739 gold pieces to Gozag.

Inventory:

Hand Weapons
 a - a +2 dagger
 l - a +1 whip of electrocution
 s - a +2 antimagic dagger
 w - a +5 short sword (weapon)
Missiles
 b - 45 poisoned darts (quivered)
 c - 2 curare-tipped darts
 f - 15 boomerangs
 y - 5 datura-tipped darts
Armour
 u - a +1 buckler (worn)
 E - a +0 kite shield
Jewellery
 m - a +4 ring of evasion (left tentacle)
 x - an amulet of regeneration (around mantle)
Wands
 i - a wand of flame (48)
 B - a wand of charming (6)
 J - a wand of mindburst (13)
 K - a wand of paralysis (8)
Scrolls
 d - 2 scrolls of enchant weapon
 e - 2 scrolls of vulnerability
 g - a scroll of fear
 h - 3 scrolls of immolation
 o - 5 scrolls of teleportation
 r - 3 scrolls of enchant armour
 v - a scroll of holy word
 z - 5 scrolls of amnesia
 A - a scroll of fog
 C - a scroll of silence {unknown}
 D - a scroll of acquirement {unknown}
 F - a scroll of blinking {unknown}
 G - a scroll of magic mapping
 I - a scroll of noise {unknown}
Potions
 j - 2 potions of ambrosia {unknown}
 k - a potion of haste {unknown}
 n - 2 potions of might {unknown}
 p - a potion of brilliance {unknown}
 q - 3 potions of cancellation {unknown}
 t - a potion of degeneration {unknown}


   Skills:
 - Level 5.0 Fighting
 + Level 10.9 Short Blades
 - Level 5.0 Throwing
 + Level 4.7 Dodging
 - Level 10.0 Stealth
 - Level 4.0 Shields
 + Level 4.9 Evocations


You had 9 spell levels left.
You didn't know any spells.
Your spell library contained the following spells:

 Spells                   Type           Power      Damage    Failure   Level
 Animate Skeleton         Necr           0%         N/A       30%         1
 Apportation              Tloc           0%         N/A       30%         1
 Corona                   Hex            0%         N/A       30%         1
 Pain                     Necr           0%         1d4       30%         1
 Summon Small Mammal      Summ           0%         N/A       30%         1
 Ensorcelled Hibernation  Hex/Ice        0%         N/A       43%         2
 Spider Form              Tmut/Pois      0%         N/A       67%         3
 Vampiric Draining        Necr           0%         2d6       67%         3
 Shadow Creatures         Summ           N/A        N/A       100%        6


Dungeon Overview and Level Annotations

Branches:
Dungeon (9/15)             Temple (1/1) D:7
   Lair: D:8-11         Orc: D:9-12

Altars:
Dithmenos
Gozag
Hepliaklqana
Kikubaaqudgha
Nemelex Xobeh
Okawaru
Qazlal
Ru
Sif Muna
Trog
Vehumet
Wu Jian
Yredelemnul
Zin
The Shining One

Shops:
D:4 *   D:6 [   D:8 =


Innate Abilities, Weirdness & Mutations

You cannot wear most types of armour.
You are amphibious.
You can wear up to eight rings at the same time.
Your skin changes colour to match your surroundings (Stealth+).
Your rubbery body absorbs attacks. (AC +1, EV +1)
((You are camouflaged near water. (Stealth+)))
You have tentacles for arms and can constrict up to eight enemies at once.


Message History

You are too injured to fight recklessly!
You are too injured to fight recklessly!
You are too injured to fight recklessly!
You are too injured to fight recklessly!
You are too injured to fight recklessly!
You are too injured to fight recklessly!
You are too injured to fight recklessly!
You are too injured to fight recklessly!
You hit the troll.
The troll is lightly wounded.
You barely miss the troll.
The troll is lightly wounded.
The troll bites you. You block the troll's attack. x2
You hit the troll.
The troll is moderately wounded.
You block the troll's attack. The troll barely misses you. x2
You hit the troll.
The troll is moderately wounded.
You closely miss the troll.
The troll is moderately wounded.
The troll closely misses you. The troll claws you.
You block the troll's attack.
You closely miss the troll.
The troll is moderately wounded.
You hit the troll but do no damage.
The troll is moderately wounded.
You block the troll's attack. The troll claws you.
You block the troll's attack.
You barely miss the troll. Your squeeze misses the troll.
The troll is moderately wounded.
You hit the troll.
The troll is heavily wounded.
The troll bites you! The troll claws you. x2
You hit the troll but do no damage. You squeeze the troll!
The troll is heavily wounded.
The troll bites you!
* * * LOW HITPOINT WARNING * * *
The troll closely misses you. The troll claws you!
You die...
Your body crumbles into a pile of gold.

..........#####....).........#
.$$..###.#...................#
..######.#...................#
.......#...................###
.......#._......$..........#
.................$.........#
.#####.....8....$.#####....#
.#...#............#####....#####
.....+......._..@T........>....#
.....#.............#.....$.....#
.............'.....+...........#
.............#....?#...........#
.......###............)........##
.......# #......................#
.......# #......................#
.......# #...!..................#
........ ......................##


You could see a troll.

Vanquished Creatures
  A two-headed ogre (D:4)
  2 hornets
  5 yaks
  A steam dragon (D:6)
  Eustachio (D:5)
  Menkaure (D:5)
  A water moccasin (D:6)
  Duvessa (D:5)
  2 orc warriors
  2 black bears
  3 ice beasts
  3 necrophages
  A phantom (D:5)
  2 kobold brigands
  4 bullfrogs
  2 scorpions
  2 wyvern zombies
  Dowan (D:5)
  6 killer bees (D:8)
  2 howler monkeys (D:9)
  12 wights
  3 centaur zombies
  A human zombie (D:4)
  5 orc priests
  A hound (D:5)
  A bullfrog skeleton (D:5)
  A centaur skeleton (D:7)
  4 hell rats (D:7)
  5 iguanas
  7 orc wizards
  2 scorpion zombies
  A hound zombie (D:4)
  A hound skeleton (D:4)
  A mummy (D:4)
  2 howler monkey zombies
  8 adders
  7 gnolls
  6 river rats (D:7)
  2 shadow imps
  2 white imps
  An ufetubus (D:5)
  An adder skeleton (D:5)
  An adder zombie (D:4)
  2 worms
  A dart slug (D:1)
  26 orcs
  7 ball pythons
  8 endoplasms
  2 giant cockroaches
  7 hobgoblins
  8 kobolds
  8 quokkas
  6 bats
  5 frilled lizards
  10 goblins
  A quokka zombie (D:4)
  21 rats
230 creatures vanquished.

Notes
Turn   | Place    | Note
-------+----------+-------------------------------------------
     0 | D:1      | Delamore the Octopode Brigand began the quest for the Orb.
     0 | D:1      | Reached XP level 1. HP: 14/14 MP: 1/1
   174 | D:1      | Found a faded altar of an unknown god.
   528 | D:1      | Reached XP level 2. HP: 19/19 MP: 2/2
   590 | D:1      | You fall into a shaft and drop 1 floor!
   612 | D:2      | Reached XP level 3. HP: 22/24 MP: 3/3
  1617 | D:2      | Reached XP level 4. HP: 29/29 MP: 4/4
  1802 | D:3      | You fall into a shaft and drop 1 floor!
  1805 | D:4      | Found an iron altar of Okawaru.
  1855 | D:4      | Noticed a phantom
  1931 | D:4      | Found Sougeh's General Store.
  2084 | D:4      | Noticed a black bear
  2090 | D:4      | Killed a black bear
  2091 | D:4      | Reached XP level 5. HP: 32/34 MP: 5/5
  2114 | D:4      | Reached XP level 6. HP: 39/39 MP: 6/6
  2270 | D:5      | Entered Level 5 of the Dungeon
  2594 | D:3      | Found a bloodstained altar of Trog.
  2595 | D:3      | Found a hazy altar of Hepliaklqana.
  2596 | D:3      | Found a glowing silver altar of Zin.
  2597 | D:3      | Found a shadowy altar of Dithmenos.
  2908 | D:3      | Reached XP level 7. HP: 21/45 MP: 2/7
  3677 | D:4      | Noticed a two-headed ogre
  3711 | D:4      | Killed a two-headed ogre
  3712 | D:4      | Reached skill level 10 in Stealth
  3712 | D:4      | Reached XP level 8. HP: 50/50 MP: 2/8
  4199 | D:4      | Found a basalt altar of Yredelemnul.
  4902 | D:5      | Noticed Eustachio
  4908 | D:5      | Killed Eustachio
  4912 | D:5      | Found a glowing golden altar of the Shining One.
  4987 | D:5      | Reached XP level 9. HP: 54/54 MP: 3/9
  5007 | D:5      | Noticed Menkaure
  5014 | D:5      | Killed Menkaure
  5036 | D:5      | Noticed Duvessa
  5037 | D:5      | Noticed Dowan
  5044 | D:5      | Found a sacrificial altar of Ru.
  5055 | D:5      | Killed Dowan
  5058 | D:5      | Killed Duvessa
  5937 | D:6      | Reached skill level 10 in Short Blades
  6075 | D:6      | Reached skill level 1 in Evocations
  6309 | D:7      | Noticed a troll
  6316 | D:7      | Noticed a hornet
  6341 | D:7      | Killed a hornet
  6505 | D:6      | Found Morrael's Antique Armour Shop.
  6555 | D:6      | Found an ancient bone altar of Kikubaaqudgha.
  6934 | D:7      | Reached XP level 10. HP: 45/63 MP: 10/10
  6977 | D:7      | Found a staircase to the Ecumenical Temple.
  6986 | Temple   | Entered the Ecumenical Temple
  7049 | Temple   | Became a worshipper of Gozag Ym Sagoz the Greedy
  7682 | D:8      | Found an ornate altar of the Wu Jian Council.
  8816 | D:9      | Noticed a two-headed ogre
  8972 | D:9      | Reached skill level 5 in Throwing
  9007 | D:9      | Reached skill level 5 in Fighting
  9016 | D:9      | Found a stormy altar of Qazlal.
  9018 | D:9      | Found a shimmering blue altar of Sif Muna.
  9121 | D:9      | Slain by a troll

Illustrated notes

Levels and vault maps discovered:
D:1:      elethiomel_arrival_maze, layout_basic,
          dreamdust_ecumenical_altar_hidden_monk_grotto, minmay_box_of_dots
D:2:      layout_rooms
D:3:      minmay_diamond_boxcup, layout_loops_ring,
          mainiacjoe_overflow_alcove_3, serial_forest,
          infiniplex_forest_straight_4, infiniplex_forest_clump_large,
          infiniplex_forest_fountain, infiniplex_forest_straight_2,
          infiniplex_forest_end_1, infiniplex_forest_straight_3,
          infiniplex_forest_3_way, infiniplex_forest_lined_2,
          portal_sewer_entry_d, minivault_14
D:4:      layout_loops_corners, lemuel_mausoleum_altar_yredelemnul,
          okawaru_trees_2, serial_shops, kennysheep_little_box
D:5:      layout_loops_ring, nicolae_ru_great_annihilating_truth,
          mainiacjoe_overflow_concentric_impassable, uniq_duvessa,
          uniq_eustachio, uniq_menkaure
D:6:      layout_basic, lemuel_tele_altar, serial_shops, shop_fountains
D:7:      lemuel_ratsnest, layout_basic, minmay_temple_entry_junction
D:8:      layout_gridville, mainiacjoe_overflow_six_doors_small
D:9:      layout_basic, grunt_temple_overflow_open
Temple:   nicolae_temple_figure_zero

Skill      XL: |  1  2  3  4  5  6  7  8  9 10 |
---------------+-------------------------------+-----
Stealth        | 6 8 9 10 | 10.0
Short Blades   | 3 4 6 8 10 | 10.9
Shields        | 3 4 |  4.0
Evocations     | 2 4 |  4.9
Dodging        | 2 4 |  4.7
Fighting       | 3 5 |  5.0
Throwing       | 3 5 |  5.0

Action                   |  1- 3 |  4- 6 |  7- 9 | 10-12 || total
-------------------------+-------+-------+-------+-------++-------
Melee: Dagger            |    49 |    24 |   131 |       ||   204
       Constrict         |    10 |    13 |    33 |    49 ||   105
       Tentacles         |     4 |    14 |    60 |    58 ||   136
       Whip              |     3 |    52 |       |       ||    55
       Short sword       |       |       |   135 |   298 ||   433
Throw: Dart              |       |       |    14 |     5 ||    19
Invok: Call Merchant     |       |       |       |     1 ||     1
Evoke: Wand              |       |       |     3 |       ||     3
  Use: Scroll            |     3 |     1 |     5 |     2 ||    11
 Stab: Sleeping          |    14 |    13 |    25 |    12 ||    64
       Distracted        |       |     1 |     2 |     5 ||     8
       Paralysed         |       |       |     1 |       ||     1
Armor: Skin              |     4 |     5 |     7 |     9 ||    25
Dodge: Dodged            |    30 |    56 |    96 |   128 ||   310
Block: Buckler           |       |       |    39 |    68 ||   107
